 Dungeon Crawl Stone Soup version 0.17-a0-2002-g92c7e20 (webtiles) character file.

463 inmateoo the Bolt Thrower (level 7, -1/41 HPs)
             Began as a Tengu Arcane Marksman on Oct 9, 2015.
             Succumbed to Blork the orc's poison
             ... on level 5 of the Dungeon.
             The game lasted 00:07:42 (4367 turns).

inmateoo the Bolt Thrower (Tengu Arcane Marksman)   Turns: 4367, Time: 00:07:42

Health: -1/41      AC: 10    Str: 11    XL:     7   Next: 7%
Magic:  6/9        EV:  4    Int: 18    God:
Gold:   110        SH:  0    Dex: 15    Spells: 1 memorised, 7 levels left

rFire  . . .     SeeInvis .     f - +1 whip
rCold  . . .     Clarity  .     h - +0 plate armour
rNeg   . . .     SustAt   .     (no shield)
rPois  .         Gourm    .     (helmet restricted)
rElec  .         Spirit   .     (no cloak)
rCorr  .         Warding  .     (no gloves)
rMut   .         Stasis   .     (boots unavailable)
MR     .....                    (no amulet)
Stlth  ..........               (no ring)
                                m - +4 ring of intelligence

@: lethally poisoned (-1 -> -14), flying quickly and evasively, quick, not
resistant to hostile enchantments, extremely unstealthy
A: beak, talons 3, able to fly 1
a: no special abilities


You were on level 5 of the Dungeon.
You were not hungry.

You visited 1 branch of the dungeon, and saw 5 of its levels.

You collected 110 gold pieces.

Inventory:

Hand Weapons
 a - a +0 hand crossbow
 f - a +1 whip (weapon)
 t - a +0 dagger of draining
Missiles
 b - 59 bolts
Armour
 h - a +0 plate armour (worn)
Jewellery
 m - a +4 ring of intelligence (left hand)
Wands
 q - a wand of confusion (0)
Scrolls
 g - a scroll of magic mapping
 i - 5 scrolls of teleportation
 j - a scroll of enchant weapon
Potions
 k - a potion of brilliance
 n - a potion of magic
 v - a potion of flight
Books
 d - a book of Debilitation

   Spells                             Type                      Level
   a - Corona                         Hexes                        1
   b - Slow                           Hexes                        2
   c - Gell's Gravitas                Hexes/Translocation          3
   d - Inner Flame                    Hexes/Fire                   3
   e - Cause Fear                     Hexes                        4
   f - Leda's Liquefaction            Hexes/Earth                  4
Comestibles
 c - a royal jelly
 e - 4 bread rations
 o - 3 fruits
 r - a beef jerky
 u - a meat ration


   Skills:
 + Level 3.1 Fighting
 * Level 3.8 Maces & Flails
 * Level 4.4 Crossbows
 * Level 2.1 Armour
 + Level 3.8 Dodging
 - Level 1.0 Spellcasting
 - Level 2.1 Hexes


You had 7 spell levels left.
You knew the following spells:

 Your Spells              Type           Power        Failure   Level  Hunger
a - Corona                Hex            #......      100%        1    ##.....


Dungeon Overview and Level Annotations

Branches:
Dungeon (5/15)
 Temple: D:4-7

Altars:
Ashenzari
Cheibriados
Yredelemnul

Annotations:
D:4 Edmund
D:5 Blork the orc


Innate Abilities, Weirdness & Mutations

You have a beak for a mouth.
You have claws for feet.
You can fly.


Message History

Unknown command.
Unknown command.
Unknown command.
Press: ? - help, v - describe, . - travel
Here: Blork the orc, wielding a hand axe of venom and wearing a robe (moderately wounded, fast)
The floor.
Unknown command.
Drink which item? (? for menu, Esc to quit)
Okay, then.
Read which item? (? for menu, Esc to quit)
Okay, then.
Drink which item? (? for menu, Esc to quit)
Okay, then.
Use which ability?
Okay, then.
Unknown command.
Use which ability?
You swoop lightly up into the air.
You feel very comfortable in the air.
You feel somewhat more hungry.
You die...

#... #.#......
#... ... ....#
#.... ......?.#
#.... #.......#
......#.#.....#
.....5#......##
........o......
#@.......
#...##..?..
#...# ..#
.....# #
.......
#$.......
#........
......[.##


You could see Blork the orc and a crimson imp.

Vanquished Creatures
  2 scorpions
  A giant frog zombie (D:2)
  5 orc priests (D:3)
  Ijyb (D:2)
  An orc wizard (D:3)
  Robin (D:3)
  An adder (D:2)
  2 oozes
  A worm (D:4)
  A giant gecko (D:2)
  9 orcs
  A ball python (D:2)
  3 giant cockroaches
  17 goblins
  7 hobgoblins
  4 jackals (D:2)
  A quokka (D:2)
  12 bats
  4 giant newts
  2 gnoll zombies (D:2)
  8 kobolds
  6 rats
90 creatures vanquished.

Notes
Turn   | Place    | Note
--------------------------------------------------------------
     0 | D:1      | inmateoo the Tengu Arcane Marksman began the quest for the Orb.
     0 | D:1      | Reached XP level 1. HP: 12/12 MP: 3/3
   251 | D:1      | Reached XP level 2. HP: 12/16 MP: 4/4
   966 | D:2      | Found a shattered altar of Ashenzari.
  1146 | D:2      | Reached XP level 3. HP: 21/21 MP: 5/5
  1251 | D:2      | Reached skill level 3 in Crossbows
  1547 | D:2      | Noticed Ijyb
  1609 | D:2      | Killed Ijyb
  1609 | D:2      | Reached skill level 1 in Maces & Flails
  1609 | D:2      | Reached XP level 4. HP: 9/26 MP: 6/6
  2161 | D:2      | Gained mutation: You can fly. [Tengu growth]
  2161 | D:2      | Reached XP level 5. HP: 18/30 MP: 7/7
  2171 | D:2      | Found a basalt altar of Yredelemnul.
  2680 | D:3      | Reached skill level 4 in Crossbows
  2911 | D:3      | Reached XP level 6. HP: 34/36 MP: 8/8
  3616 | D:3      | Reached skill level 1 in Armour
  3728 | D:3      | Noticed Robin
  3856 | D:3      | Killed Robin
  4059 | D:4      | Found a snail-covered altar of Cheibriados.
  4101 | D:4      | Reached XP level 7. HP: 28/41 MP: 9/9
  4323 | D:4      | Noticed Edmund
  4324 | D:4      | Noticed Blork the orc
  4365 | D:4      | HP: 1/41 [Blork the orc/puff of frost (5)]
  4366 | D:5      | Entered Level 5 of the Dungeon
  4367 | D:5      | Succumbed to Blork the orc's poison

Vault maps used:
D:1:      roderic_crop_circles_arrival_small
D:2:      nicolae_ashenzari_panopticon, lemuel_zombie_altar_yredelemnul,
          uniq_iyjb
D:3:      first_bread, uniq_robin
D:4:      kennysheep_mini_moat, lemuel_coloured_pillars_altar,
          uniq_blork_the_orc, uniq_edmund
D:5:      gammafunk_temple_overflow_statue, serial_shops,
          nicolae_shop_statue_plus, uniq_grinder

Action                   |  1- 3 |  4- 6 |  7- 9 || total
-------------------------+-------+-------+-------++-------
Melee: Whip              |   109 |   128 |       ||   237
       Dagger            |       |     5 |       ||     5
 Fire: Hand crossbow     |    23 |    74 |       ||    97
 Abil: Fly               |       |       |     1 ||     1
  Use: Scroll            |     6 |     4 |       ||    10
       Potion            |       |     1 |       ||     1
  Eat: Chunk             |     1 |     7 |       ||     8
       Bread ration      |       |     1 |       ||     1
